 Dungeon Crawl Stone Soup version 0.20-a0-893-g832831a (webtiles) character file.

585 dvd the Stinger (level 7, 0/43 HPs)
             Began as an Octopode Venom Mage on Mar 16, 2017.
             Was an Initiate of Dithmenos.
             Slain by an ice beast (7 damage)
             ... on level 5 of the Dungeon.
             The game lasted 00:11:23 (4837 turns).

dvd the Stinger (Octopode Venom Mage)               Turns: 4837, Time: 00:11:24

Health: 0/43       AC:  1    Str:  7    XL:     7   Next: 37%
Magic:  10/13      EV: 13    Int: 20    God:    Dithmenos [......]
Gold:   142        SH:  3    Dex: 12    Spells: 7/14 levels left

rFire    . . .     SeeInvis .   d - +2 dagger (drain)
rCold    . . .     Gourm    .   x - +0 buckler
rNeg     . . .     Faith    .   z - +0 hat
rPois    .         Spirit   .   (no amulet)
rElec    .         Reflect  .   (no ring)
rCorr    .         Harm     .   (no ring)
MR       .....                  (no ring)
Stlth    ++++......             (no ring)
Regen    0.2/turn               (no ring)
MPRegen  0.2/turn               (no ring)
                                (no ring)
                                (no ring)

@: very slightly contaminated
A: almost no armour, stealthy swim, amphibious, 8 rings, constrict 8, camouflage
1, gelatinous body 1
a: Renounce Religion


You were on level 5 of the Dungeon.
You worshipped Dithmenos.
Dithmenos was noncommittal.
You were hungry.

You visited 2 branches of the dungeon, and saw 6 of its levels.

You collected 186 gold pieces.
You spent 44 gold pieces at shops.

Inventory:

Hand Weapons
 d - a +2 dagger of draining (weapon)
Missiles
 w - 7 javelins (quivered)
 C - 4 tomahawks
Armour
 f - a +0 shield
 x - a +0 buckler (worn)
 z - a +0 hat (worn)
Wands
 B - a wand of polymorph (13/24)
Scrolls
 e - 5 scrolls of identify {unknown}
 h - a scroll of recharging {unknown}
 j - a scroll of noise {unknown}
 l - 4 scrolls of remove curse {unknown}
 n - 4 scrolls of teleportation {unknown}
 q - 2 scrolls of magic mapping {unknown}
 t - 2 scrolls of fear {unknown}
 y - a scroll of blinking {unknown}
Potions
 c - a potion of lignification {unknown}
 g - 2 potions of resistance {unknown}
 i - 3 potions of magic {unknown}
 k - 3 potions of heal wounds {unknown}
 m - 2 potions of curing {unknown}
 o - 2 potions of brilliance {unknown}
 p - 2 potions of cancellation {unknown}
 r - a potion of berserk rage {unknown}
 s - a potion of mutation {unknown}
 v - a potion of ambrosia {unknown}
 A - a potion of degeneration {unknown}
Books
 a - a Young Poisoner's Handbook

   Spells                             Type                      Level
   a - Sting                          Conjuration/Poison           1
   b - Poisonous Vapours              Poison/Air                   2
   c - Mephitic Cloud                 Conjuration/Poison/Air       3
   d - Olgreb's Toxic Radiance        Poison                       4
   e - Venom Bolt                     Conjuration/Poison           5
Comestibles
 b - 3 bread rations
 u - 4 fruits


   Skills:
 + Level 1.0 Fighting
 + Level 2.4 Short Blades
 + Level 0.2 Throwing
 + Level 3.0 Dodging
 + Level 4.2 Stealth
 + Level 0.2 Shields
 + Level 4.0 Spellcasting
 + Level 1.0 Conjurations
 + Level 2.6 Air Magic
 + Level 5.8 Poison Magic


You had 7 spell levels left.
You knew the following spells:

 Your Spells              Type           Power        Failure   Level  Hunger
a - Sting                 Conj/Pois      ###.         8%          1    None
b - Poisonous Vapours     Pois/Air       ###...       8%          2    #......
c - Olgreb's Toxic Radia  Pois           ####....     21%         4    ####...


Dungeon Overview and Level Annotations

Branches:
Dungeon (5/15)             Temple (1/1) D:4

Altars:
Cheibriados
Dithmenos
Elyvilon
Fedhas
Gozag
Hepliaklqana
Makhleb
Okawaru
Qazlal
Ru
Sif Muna
Trog
Uskayaw
Vehumet
Wu Jian
Xom
Yredelemnul
Zin
The Shining One

Shops:
D:5 [


Innate Abilities, Weirdness & Mutations

You cannot wear most types of armour.
You are very stealthy in the water. (Stealth+)
You are amphibious.
You can wear up to eight rings at the same time.
You can use your tentacles to constrict eight enemies at once.
Your skin changes colour to match your surroundings (Stealth+).
Your rubbery body absorbs attacks. (AC +1, EV +1)


Message History

The ice beast freezes you!
You closely miss the ice beast. The ice beast closely misses you.
Casting: Olgreb's Toxic Radiance
Confirm with . or Enter, or press ? or * to list all spells.
You miscast Olgreb's Toxic Radiance.
You are very lightly contaminated with residual magic.
You feel mildly nauseous. The ice beast hits you. The ice beast freezes you!
Unknown command.
You hit the ice beast but do no damage. You drain the ice beast!
The ice beast is lightly wounded.
The ice beast hits you. The ice beast freezes you!
* * * LOW HITPOINT WARNING * * *
You are feeling hungry.
An orc comes into view.
It is wielding a hand axe. 2 orcs come into view.
An orc is wielding a dagger of freezing.
The ice beast hits you.
* * * LOW HITPOINT WARNING * * *
The ice beast freezes you!
You die...

#'# #..# #.#
##.# #.# #.#
##.## #.#
##...########.#
#.............#
#
##.Z....#######
...o####Y#...#
#.oo..@....#
############


You could see an ice beast, 3 orcs and a worker ant zombie.

Vanquished Creatures
  A phantom (D:4)
  A scorpion (D:4)
  A crimson imp (D:4)
  An orc priest (D:4)
  A centaur skeleton (D:4)
  3 orc wizards (D:4)
  Natasha (D:2)
  An iguana (D:4)
  2 worker ants (D:4)
  7 adders
  An ooze (D:3)
  2 worms (D:3)
  A dart slug (D:3)
  3 leopard geckos
  15 orcs
  11 bats
  4 giant cockroaches
  7 goblins
  6 hobgoblins
  8 jackals
  A quokka (D:5)
  3 ball pythons
  3 frilled lizards
  A goblin skeleton (D:4)
  A goblin zombie (D:4)
  3 hobgoblin zombies (D:4)
  9 kobolds
  2 kobold zombies (D:4)
  2 orc skeletons (D:4)
  2 orc zombies (D:4)
  3 rats
  A spectral orc (D:4)
108 creatures vanquished.

Notes
Turn   | Place    | Note
-------+----------+-------------------------------------------
     0 | D:1      | dvd the Octopode Venom Mage began the quest for the Orb.
     0 | D:1      | Reached XP level 1. HP: 11/11 MP: 3/3
    67 | D:1      | Reached XP level 2. HP: 13/17 MP: 0/5
   226 | D:1      | Reached skill level 4 in Poison Magic
   245 | D:1      | Learned a level 2 spell: Poisonous Vapours
   653 | D:1      | Reached XP level 3. HP: 21/21 MP: 3/6
  1396 | D:2      | Noticed Natasha
  1408 | D:2      | Killed Natasha
  1408 | D:2      | Reached XP level 4. HP: 21/27 MP: 3/7
  1417 | D:2      | Learned a level 4 spell: Olgreb's Toxic Radiance
  1461 | D:2      | Reached skill level 1 in Air Magic
  1966 | D:3      | Reached skill level 1 in Short Blades
  2160 | D:3      | Reached XP level 5. HP: 18/31 MP: 6/9
  3062 | D:4      | Reached skill level 5 in Poison Magic
  3099 | D:4      | Reached XP level 6. HP: 36/36 MP: 6/10
  3614 | D:4      | Found a glowing golden altar of the Shining One.
  3816 | D:4      | Reached XP level 7. HP: 29/42 MP: 7/12
  3848 | D:4      | Found a staircase to the Ecumenical Temple.
  3854 | Temple   | Entered the Ecumenical Temple
  3999 | Temple   | Became a worshipper of Dithmenos the Shadowed
  4160 | D:4      | Reached skill level 1 in Fighting
  4393 | D:4      | Found a basalt altar of Yredelemnul.
  4612 | D:5      | Entered Level 5 of the Dungeon
  4612 | D:5      | Found Hockuoc's Armour Shoppe.
  4621 | D:5      | Bought a +0 hat for 44 gold pieces
  4647 | D:5      | Noticed a hand axe
  4647 | D:5      | Noticed a dagger
  4648 | D:5      | Found a hide-covered altar of Uskayaw.
  4837 | D:5      | Slain by an ice beast

Vault maps used:
D:1:      zaba_arrival_water
D:2:      uniq_natasha
D:3:      first_bread
D:4:      nicolae_tso_besieged_by_evil, yredelemnul_forgotten_temple_becter,
          minmay_temple_entry_grid
D:5:      dancing_weapons_uskayaw, lemuel_round_altar, serial_shops, shop,
          uniq_duvessa, uniq_prince_ribbit1
Temple:   eino_temple_scatter_basement

Skill      XL: |  1  2  3  4  5  6  7 |
---------------+----------------------+-----
Stealth        | 3 4 |  4.2
Poison Magic   | 4 5 |  5.8
Air Magic      | 1 2 |  2.6
Short Blades   | 1 2 |  2.4
Spellcasting   | 3 4 |  4.0
Fighting       | 1 |  1.0
Dodging        | 3 |  3.0
Throwing       | |  0.2
Shields        | |  0.2
Conjurations   | |  1.0

Action                   |  1- 3 |  4- 6 |  7- 9 || total
-------------------------+-------+-------+-------++-------
Melee: Dagger            |    38 |    94 |    26 ||   158
       Constrict         |    10 |    29 |     2 ||    41
       Tentacles         |     8 |    15 |       ||    23
Throw: Javelin           |       |     1 |     6 ||     7
 Cast: Sting             |     8 |     3 |       ||    11
       Poisonous Vapours |    19 |    29 |     2 ||    50
       Olgreb's Toxic Ra |       |     6 |     1 ||     7
 Stab: Sleeping          |     1 |     4 |     4 ||     9
  Eat: Chunk             |     3 |     9 |     4 ||    16
Armor: Skin              |     4 |     6 |       ||    10
Dodge: Dodged            |    28 |    55 |     6 ||    89
Block: Buckler           |       |     5 |     2 ||     7
